 Dungeon Crawl Stone Soup version 0.17.0-22-g5edae84 (console) character file.

454 jw the Chopper (level 7, 0/73 HPs)
             Began as an Octopode Berserker on Nov 12, 2015.
             Was a Priest of Trog.
             Slain by a quasit (2 damage)
             ... on level 5 of the Dungeon.
             The game lasted 00:13:45 (6165 turns).

jw the Chopper (Octopode Berserker)                 Turns: 6165, Time: 00:13:45

Health: 0/73       AC:  1    Str: 21      XL:     7   Next: 5%
Magic:  7/7        EV: 12    Int: 10      God:    Trog [***...]
Gold:   205        SH:  0    Dex: 11 (13) Spells: 0 memorised, 6 levels left

rFire  . . .     SeeInvis .     a - +0 hand axe
rCold  . . .     Clarity  .     (no shield)
rNeg   . . .     SustAt   .     d - +0 hat
rPois  .         Gourm    .     c - amulet of inaccuracy (curse)
rElec  .         Spirit   .     (no ring)
rCorr  .         Warding  .     (no ring)
rMut   .         Stasis   .     (no ring)
MR     ++...                    (no ring)
Stlth  ..........               (no ring)
                                (no ring)
                                (no ring)
                                (no ring)

@: berserking (expiring), regenerating, very quick, very resistant to hostile
enchantments, extremely unstealthy
A: almost no armour, amphibious, 8 rings, constrict 8, camouflage 1, gelatinous
body 1
a: Berserk, Trog's Hand, Burn Spellbooks, Renounce Religion


You were on level 5 of the Dungeon.
You worshipped Trog.
Trog was most pleased with you.
You were not hungry.

You visited 1 branch of the dungeon, and saw 5 of its levels.

You collected 205 gold pieces.

Inventory:

Hand Weapons
 a - a +0 hand axe (weapon)
Missiles
 e - 11 poisoned needles
 f - 71 stones
 g - 5 tomahawks (quivered)
Armour
 d - a +0 hat (worn)
Jewellery
 c - a cursed amulet of inaccuracy (around mantle)
Comestibles
 b - 3 bread rations


   Skills:
 + Level 4.7 Fighting
 * Level 5.7 Axes
 + Level 3.3 Throwing
 - Level 3.0 Dodging


You had 6 spell levels left.
You didn't know any spells.

Dungeon Overview and Level Annotations

Branches:
Dungeon (5/15)             Temple (0/1) D:4

Altars:
Cheibriados
Dithmenos
Ru
Yredelemnul


Innate Abilities, Weirdness & Mutations

You cannot wear most types of armour.
You are amphibious.
You can wear up to eight rings at the same time.
You can use your tentacles to constrict eight enemies at once.
Your skin changes colour to match your surroundings (Stealth).
Your rubbery body absorbs attacks (AC +1).


Message History

Unknown command.
Unknown command.
Unknown command.
ATTACK MOVE TO (0,-1)
You closely miss the quasit. You grab the quasit.
You constrict the quasit, but do no damage.
The sky beast flickers out of sight!
Deactivating autopickup; reactivate with Ctrl-A.
The quasit bites you. The quasit barely misses you. The quasit claws you.
You feel clumsy.
Unknown command.
Unknown command.
Unknown command.
Unknown command.
ATTACK MOVE TO (0,-1)
You slash the quasit! Your squeeze misses the quasit.
The quasit is moderately wounded.
You constrict the quasit. The quasit closely misses you. The quasit claws you.
The quasit claws you.
You die...

###....###
#........#
#........#
#........#
#..<.....#
#........#
###....###
####5# #x#
#.# #.#
#.# #.#
#.# ..#
#.#


You could see a quasit.

Table legend:
 A = Turns spent in this place as a percentage of turns spent in the entire game.
 B = Non-inter-level travel turns spent in this place as a percentage of non-inter-level travel turns spent in the entire game.
 C = Inter-level travel turns spent in this place as a percentage of turns spent in this place.
 D = Turns resting spent in this place as a percentage of non-inter-level travel turns spent in this place.
 E = Turns spent auto-exploring this place as a percentage of non-inter-level travel turns spent in this place.
 F = Non-inter-level travel turns spent in this place divided by the number of levels of this place that you've seen.
                   A       B       C       D       E      F
               +-------+-------+-------+-------+-------+----------------------
         Total | 100.0 | 100.0 |   0.9 |   1.3 |   2.5 | 1387.8
       Dungeon | 100.0 | 100.0 |   0.9 |   1.3 |   2.5 | 1387.8
               +-------+-------+-------+-------+-------+----------------------

Table legend:
 A = Kills in this place as a percentage of kills in entire the game.
 B = Kills by you in this place as a percentage of kills by you in the entire game.
 C = Kills by friends in this place as a percentage of kills by friends in the entire game.
 D = Other kills in this place as a percentage of other kills in the entire game.
 E = Experience gained in this place as a percentage of experience gained in the entire game.
 F = Experience gained in this place divided by the number of levels of this place that you have seen.
                   A       B       C       D       E      F
               +-------+-------+-------+-------+-------+----------------------
         Total | 100.0 | 100.0 |  -nan |  -nan | 100.0 | 129.8
       Dungeon | 100.0 | 100.0 |  -nan |  -nan | 100.0 | 129.8
               +-------+-------+-------+-------+-------+----------------------

Vanquished Creatures
  2 orc wizards (D:4)
  A hound (D:5)
  2 orc priests
  An iguana (D:5)
  A killer bee zombie (D:4)
  Robin (D:2)
  7 adders
  7 gnolls
  2 oozes
  2 worms (D:2)
  5 giant geckos
  10 orcs
  6 bats
  2 giant cockroaches
  14 goblins
  11 hobgoblins
  13 jackals
  6 kobolds
  A quokka (D:2)
  3 ball pythons
  A giant gecko skeleton (D:4)
  3 giant newts
  10 rats
111 creatures vanquished.

Notes
Turn   | Place    | Note
--------------------------------------------------------------
     0 | D:1      | jw the Octopode Berserker began the quest for the Orb.
     0 | D:1      | Reached XP level 1. HP: 16/16 MP: 1/1
   207 | D:1      | Reached skill level 1 in Throwing
   207 | D:1      | Reached XP level 2. HP: 17/21 MP: 2/2
   499 | D:1      | HP: 1/21 [ooze (5)]
   962 | D:1      | Reached XP level 3. HP: 23/26 MP: 3/3
  1974 | D:2      | Found a shadowy altar of Dithmenos.
  2034 | D:2      | Found a basalt altar of Yredelemnul.
  2036 | D:2      | Found a sacrificial altar of Ru.
  2069 | D:2      | Noticed Robin
  2078 | D:2      | Reached ** piety under Trog
  2078 | D:2      | Reached XP level 4. HP: 25/31 MP: 4/4
  2199 | D:2      | Reached skill level 4 in Axes
  2204 | D:2      | Killed Robin
  2470 | D:2      | Reached XP level 5. HP: 33/36 MP: 5/5
  3693 | D:3      | Reached *** piety under Trog
  3694 | D:3      | HP: 2/55 [orc/dagger (3)]
  4283 | D:3      | Reached XP level 6. HP: 26/43 MP: 6/6
  4551 | D:3      | Reached skill level 5 in Axes
  5162 | D:4      | Found a snail-covered altar of Cheibriados.
  5250 | D:4      | Found a glowing drain.
  5357 | D:4      | Found a staircase to the Ecumenical Temple.
  6147 | D:5      | Entered Level 5 of the Dungeon
  6159 | D:5      | HP: 3/66 [iguana (13)]
  6162 | D:5      | Reached XP level 7. HP: 5/49 MP: 7/7
  6164 | D:5      | HP: 2/73 [quasit (2)]
  6165 | D:5      | Slain by a quasit

Action                   |  1- 3 |  4- 6 |  7- 9 || total
-------------------------+-------+-------+-------++-------
Melee: Hand axe          |    72 |   165 |     3 ||   240
Throw: Stone             |    19 |   111 |       ||   130
       Tomahawk          |       |    61 |       ||    61
Invok: Berserk           |     1 |     2 |       ||     3
       Trog's Hand       |       |     2 |       ||     2
  Eat: Chunk             |     4 |    15 |       ||    19

Vault maps used:
D:1:      dpeg_arrival_oval, minmay_fountain_box, hangedman_decor_growths
D:2:      grunt_temple_overflow_open, first_bread, uniq_robin
D:4:      kennysheep_mini_moat, temple_doors_a, gup_sewer_entry_glass,
          minmay_misc_feat_columns
